Map: Golden Wall LE

Players

AfreecaDRG (DRG) - Winner!

  • Race: Zerg Zerg
  • League: Grandmaster
  • Spawn Location: 5:00

SpeCial

  • Race: Terran Terran
  • League: Master
  • Spawn Location: 7:00

Event: War Chest Team League

VOD

Have the link to the VOD?

Description

Time

  • Played on: Aug. 16, 2020, 12:08 p.m.
  • Length: 11:11
Show
View Real Time Build Order
Export as new Build Order

AfreecaDRG Zerg - Winner!

Build Orders: Hatch First, Muta Ling Bane 

Get SALT Encoding   

  12  0:00  Drone  
  13  0:11  Overlord  
  13  0:17  Drone  
  14  0:30  Drone x2  
  16  0:48  Hatchery  
  15  0:51  Drone  
  15  0:55  Drone  
  17  0:58  Drone  
  18  1:08  Extractor  
  17  1:15  Spawning Pool  
  17  1:17  Drone  
  17  1:20  Drone  
  18  1:28  Drone  
  19  1:38  Drone  
  20  1:48  Drone  
  21  2:02  Zergling x4, Queen x2  
  27  2:10  Overlord  
  27  2:11  Drone  
  28  2:22  Hatchery  
  27  2:25  Drone  
  28  2:31  Drone x2  
  28  2:33  Drone  
  30  2:41  Queen  
  32  2:46  Metabolic Boost  
  32  2:51  Overlord  
  32  2:54  Drone  
  32  2:58  Drone  
  34  2:59  Drone  
  34  3:04  Drone  
  36  3:06  Overlord  
  36  3:11  Drone x2  
  38  3:13  Drone  
  38  3:16  Drone  
  38  3:17  Drone  
  41  3:21  Drone x2  
  43  3:27  Queen  
  43  3:31  Drone x2  
  47  3:36  Queen  
  47  3:40  Overlord  
  49  3:46  Zergling x4  
  49  3:47  Drone x2  
  53  3:51  Drone x2  
  53  3:52  Drone  
  56  3:56  Drone x2  
  56  4:02  Zergling x2  
  59  4:03  Queen, Drone  
  62  4:11  Overlord, Baneling Nest  
  62  4:12  Drone x2  
  63  4:18  Overlord  
  63  4:23  Overlord  
  62  4:29  Spore Crawler x2, Queen  
  62  4:30  Zergling x4  
  64  4:32  Zergling x2  
  64  4:38  Zergling x4  
  67  4:40  Drone x2  
  67  4:41  Drone x2  
  67  4:44  Drone x3  
  74  4:47  Lair  
  74  4:50  Extractor  
  73  4:56  Drone  
  73  4:57  Drone x4  
  78  5:01  Drone x3  
  78  5:04  Overlord  
  81  5:08  Overlord  
  81  5:11  Spore Crawler  
  81  5:12  Overlord  
  81  5:14  Extractor  
  79  5:15  Overlord  
  79  5:20  Extractor  
  78  5:22  Overlord  
  78  5:23  Drone  
  78  5:24  Drone x2  
  78  5:27  Zergling x4  
  78  5:28  Drone  
  84  5:29  Drone  
  84  5:32  Drone x3  
  84  5:33  Drone, Extractor x2  
  84  5:34  Drone  
  88  5:37  Drone  
  88  5:39  Drone x2  
  88  5:42  Drone  
  92  5:45  Drone x2  
  92  5:49  Spire  
  93  5:50  Centrifical Hooks  
  93  5:52  Zergling x6  
  93  5:53  Zergling x2  
  97  6:01  Zergling x4  
  99  6:04  Overlord  
  99  6:09  Queen  
  99  6:10  Zergling x8  
  102  6:14  Baneling x9  
  102  6:15  Baneling  
  102  6:16  Zergling x4  
  104  6:21  Zergling x4  
  97  6:34  Drone  
  97  6:39  Drone x5  
  98  6:42  Drone x2  
  100  6:49  Drone x2  
  100  6:53  Overlord  
  101  7:02  Mutalisk x2  
  101  7:05  Zerg Flyer Weapons Level 1  
  105  7:12  Hatchery  
  105  7:15  Mutalisk x5  
  104  7:22  Mutalisk  
  114  7:25  Overlord x3  
  114  7:28  Mutalisk  
  114  7:29  Evolution Chamber x2  
  116  7:35  Mutalisk  
  118  7:37  Overlord x2  
  118  7:43  Mutalisk x2  
  122  7:46  Drone x6  
  122  7:49  Overlord  
  128  7:52  Mutalisk  
  130  7:58  Zergling x2  
  130  7:59  Zergling x10  
  130  8:00  Baneling x7  
  130  8:04  Zergling x4  
  138  8:06  Queen  
  138  8:10  Zergling x6  
  137  8:18  Mutalisk x3  
  123  8:25  Drone x6  
  123  8:31  Zerg Melee Weapons Level 1  
  123  8:33  Mutalisk  
  125  8:34  Drone x2  
  125  8:36  Extractor  
  125  8:37  Extractor  
  124  8:42  Drone x5  
  124  8:46  Drone x2  
  131  8:51  Drone x2  
  131  8:53  Drone x2  
  135  8:57  Zerg Ground Armor Level 1  
  135  9:00  Drone x3  
  138  9:05  Mutalisk x3  
  138  9:08  Drone x2  
  146  9:10  Drone  
  147  9:18  Pneumatized Carapace, Overseer  
  147  9:21  Spine Crawler, Drone x2  
  147  9:22  Hatchery, Spore Crawler  
  146  9:24  Mutalisk  
  146  9:30  Zergling x18  
  157  9:37  Zergling x14  
  164  9:44  Overlord  
  164  9:51  Baneling x6  
  164  9:52  Baneling x6  
  164  9:55  Overseer  
  164  9:56  Extractor, Baneling x7  
  164  9:59  Hatchery, Extractor  
  159  10:00  Mutalisk  
  159  10:01  Mutalisk  
  159  10:02  Zergling x2  
  157  10:25  Zergling x2  
  157  10:26  Zergling x28  
  167  10:32  Mutalisk x8  
  177  10:37  Drone x3  
  177  10:38  Drone x2  
  177  10:43  Zergling x14  
Show
View Real Time Build Order
Export as new Build Order

SpeCial Terran 

Build Orders: Liberator Opening, Reaper Expand, Mech 

Get SALT Encoding   

  12  0:00  SCV  
  13  0:12  SCV  
  14  0:17  Supply Depot  
  14  0:24  SCV  
  15  0:39  SCV  
  15  0:42  Barracks  
  16  0:43  Refinery  
  16  0:51  SCV  
  17  1:03  SCV  
  18  1:15  SCV  
  19  1:29  Reaper, Orbital Command  
  20  1:39  Command Center  
  20  1:48  Supply Depot  
  20  1:54  SCV  
  20  2:00  Marine  
  22  2:05  Factory  
  22  2:08  SCV  
  23  2:12  Refinery  
  23  2:20  SCV  
  23  2:22  Barracks Reactor  
  24  2:32  SCV  
  25  2:44  SCV  
  25  2:50  Starport  
  26  2:51  Orbital Command  
  26  2:56  SCV  
  27  3:03  Hellion x2  
  27  3:05  Marine  
  32  3:09  SCV  
  33  3:17  SCV, Supply Depot  
  34  3:21  SCV  
  34  3:25  Hellion x2  
  39  3:27  Liberator  
  39  3:31  SCV  
  39  3:33  Barracks Tech Lab  
  43  3:40  Supply Depot  
  43  3:43  SCV x2  
  43  3:46  Hellion  
  49  3:48  Hellion  
  49  3:55  SCV x2  
  51  4:05  Supply Depot  
  51  4:08  SCV x2  
  53  4:12  Liberator  
  56  4:20  SCV  
  56  4:22  SCV  
  56  4:23  Command Center  
  58  4:29  Marine x2  
  60  4:31  Siege Tank  
  60  4:32  SCV  
  65  4:38  SCV, Supply Depot  
  65  4:44  SCV  
  66  4:47  Marine x2  
  66  4:50  SCV  
  66  4:52  Armory  
  69  4:55  Supply Depot  
  69  4:56  SCV  
  70  5:03  Siege Tank  
  70  5:04  SCV, Marine  
  70  5:05  Marine  
  76  5:08  SCV  
  77  5:16  SCV  
  77  5:17  Supply Depot, Refinery  
  77  5:18  Refinery  
  77  5:20  SCV  
  79  5:22  Marine x2  
  79  5:29  SCV  
  79  5:33  SCV  
  79  5:35  Orbital Command  
  81  5:41  SCV  
  82  5:45  SCV  
  82  5:47  Hellion x2  
  87  5:50  Factory  
  87  5:52  Factory  
  87  5:53  Terran Vehicle Weapons Level 1  
  87  5:56  Supply Depot  
  87  5:59  SCV  
  87  6:03  Starport Reactor  
  88  6:05  Barracks Tech Lab  
  88  6:09  Hellion x2, Orbital Command  
  88  6:10  Supply Depot  
  92  6:11  Supply Depot  
  92  6:13  SCV  
  92  6:17  SCV  
  91  6:25  SCV  
  92  6:29  SCV  
  92  6:30  Hellion x2  
  93  6:36  SCV  
  93  6:37  SCV  
  74  6:41  SCV  
  74  6:43  Thor  
  74  6:44  Medivac x2  
  82  6:48  SCV  
  82  6:49  SCV  
  82  6:50  Thor  
  82  6:53  SCV  
  93  6:54  Hellion  
  93  6:56  Hellion  
  93  7:00  SCV  
  96  7:01  SCV  
  96  7:02  Engineering Bay  
  96  7:05  SCV, Refinery  
  98  7:10  Supply Depot  
  98  7:12  SCV, Supply Depot  
  98  7:13  SCV  
  100  7:15  Supply Depot, Refinery  
  100  7:17  SCV  
  100  7:19  Hellion x2  
  105  7:24  SCV  
  105  7:25  SCV  
  105  7:29  SCV, Liberator  
  108  7:30  Liberator  
  108  7:33  Cyclone x2  
  120  7:38  Supply Depot  
  120  7:40  Widow Mine  
  120  7:41  Supply Depot  
  120  7:42  Supply Depot  
  124  7:44  Hellion  
  124  7:51  Missile Turret  
  124  7:52  Armory  
  124  7:54  SCV  
  124  7:56  SCV  
  124  7:57  Missile Turret  
  126  7:58  Missile Turret  
  126  8:02  SCV, Missile Turret  
  126  8:05  Cyclone x2  
  109  8:25  Hellion x2  
  100  8:28  Liberator x2  
  100  8:30  SCV x2  
  100  8:32  SCV  
  109  8:35  Missile Turret  
  109  8:37  Cyclone  
  112  8:42  Factory  
  112  8:43  Factory  
  112  8:44  SCV x3  
  115  8:51  Hellion x2  
  103  8:56  SCV, Command Center  
  103  8:57  Terran Vehicle And Ship Armor Level 1  
  103  9:01  Cyclone  
  107  9:05  Missile Turret  
  107  9:09  Cyclone  
  110  9:11  Missile Turret  
  110  9:13  Liberator  
  110  9:14  Missile Turret  
  113  9:20  Missile Turret  
  113  9:22  SCV x3  
  116  9:25  Liberator  
  118  9:33  Widow Mine x2  
  118  9:37  Missile Turret  
  121  9:39  Command Center, Missile Turret  
  121  9:42  Factory Reactor, Factory Tech Lab  
  121  9:48  Cyclone x2  
  127  9:54  Hellion x2  
  127  9:55  Supply Depot  
  127  9:56  Supply Depot, Liberator  
  134  10:08  Cyclone  
  134  10:12  SCV  
  136  10:15  Hellion x2  
  136  10:26  SCV  
  110  10:37  Hellion x4  
  110  10:38  Cyclone x2  
  110  10:39  SCV  
  110  10:40  SCV  
  121  10:45  SCV  
  121  10:52  SCV  
Tags
 
Add a new tag
Caveats
  • Supply blocks, unpowered buildings, or Contaminate may cause inaccurate times.
  • Supply counts are checked every 10 seconds.